 Dungeon Crawl Stone Soup version 0.24.0-124-g2791043dd8 (webtiles) character file.

Game seed: 1545370810115734593, levelgen mode: deterministic

170 OwlCat the Covered (level 5, -4/47 HPs)
             Began as a Minotaur Fighter on Feb 13, 2020.
             Slain by an ice beast (13 damage)
             ... on level 3 of the Dungeon on Feb 14, 2020.
             The game lasted 00:18:14 (2124 turns).

OwlCat the Covered (Minotaur Fighter)               Turns: 2124, Time: 00:18:15

Health: -4/47      AC: 12    Str: 21    XL:     5   Next: 25%
Magic:  4/4        EV:  4    Int:  8    God:
Gold:   116        SH:  9    Dex: 10    Spells: 4/4 levels left

rFire    . . .     SeeInvis .   a - +0 long sword
rCold    . . .     Gourm    .   c - +0 shield
rNeg     . . .     Faith    .   y - +0 plate armour
rPois    .         Spirit   .   (helmet restricted)
rElec    .         Reflect  .   (no cloak)
rCorr    .         Harm     .   (no gloves)
MR       .....                  (no boots)
Stlth    ..........             (no amulet)
HPRegen  0.15/turn              v - +3 ring of intelligence
MPRegen  0.09/turn              (no ring)

@: lethally poisoned (-4 -> -5)
A: retaliatory headbutt, horns 2
a: no special abilities


You were on level 3 of the Dungeon.
You were not hungry.

You visited 1 branch of the dungeon, and saw 3 of its levels.

You collected 116 gold pieces.

Inventory:

Hand Weapons
 a - a +0 long sword (weapon)
 h - a cursed -2 dagger
Missiles
 k - 8 javelins (quivered)
 o - 23 bolts
 r - 2 throwing nets
 A - 7 poisoned darts
 B - 6 atropa-tipped darts
Armour
 b - a +0 scale mail
 c - a +0 shield (worn)
 l - a +0 ring mail
 m - a +0 chain mail
 y - a +0 plate armour (worn)
Jewellery
 u - an uncursed ring of flight {unknown}
 v - a +3 ring of intelligence (left hand)
Scrolls
 g - a scroll of fog {unknown}
 i - a scroll of enchant armour {unknown}
 n - 3 scrolls of identify
 p - a scroll of remove curse {unknown}
 q - a scroll of blinking {unknown}
 s - a scroll of random uselessness {unknown}
 w - a scroll of teleportation {unknown}
Potions
 d - a potion of might
 e - 3 potions of curing {unknown}
 j - 2 potions of brilliance {unknown}
 t - a potion of heal wounds {unknown}
 z - a potion of ambrosia {unknown}
Comestibles
 f - 5 rations


   Skills:
 + Level 4.8 Fighting
 + Level 3.7 Long Blades
 + Level 4.9 Armour
 - Level 0.3 Dodging
 + Level 4.7 Shields


You had 4 spell levels left.
You didn't know any spells.
Your spell library was empty.

Dungeon Overview and Level Annotations

Branches:
Dungeon (3/15)

Altars:
Wu Jian


Innate Abilities, Weirdness & Mutations

You reflexively headbutt those who attack you in melee.
You have a pair of horns on your head.


Message History

You barely miss the ice beast.
The ice beast is severely wounded.
You feel sick. You block the ice beast's attack.
Your shield and plate armour prevent you from hitting the ice beast.
The ice beast is severely wounded.
The ice beast hits you but does no damage.
You hit the ice beast.
The ice beast is almost dead.
The ice beast hits you but does no damage. x2
Your shield and plate armour prevent you from hitting the ice beast.
Your headbutt misses the ice beast.
The ice beast is almost dead.
You feel sick.
The ice beast hits you but does no damage.
You hit the ice beast but do no damage.
The ice beast is almost dead.
The ice beast hits you.
* * * LOW HITPOINT WARNING * * *
The ice beast freezes you!
You die...

##### ########...##
#.......@Y..#
#.########'##### #.#
#§§§#..## #.#
#####§§§#...# ## #.#
#...# #...# #( #.#
#.#######...# #. ###.#
#.# #.##...###### #.
##...###.###.###.###...#
#.
#..#...................#
#.


You could see an ice beast.

Vanquished Creatures
  The ghost of Asketicks the Sneak, an amateur KoEn (D:3)
  3 adders
  2 oozes (D:2)
  A worm (D:3)
  2 dart slugs (D:1)
  3 leopard geckos (D:1)
  8 bats
  2 giant cockroaches
  10 goblins
  7 hobgoblins
  2 jackals (D:2)
  3 frilled lizards
  8 kobolds
  4 rats
56 creatures vanquished.

Notes
Turn   | Place    | Note
-------+----------+-------------------------------------------
     0 | D:1      | OwlCat the Minotaur Fighter began the quest for the Orb.
     0 | D:1      | Reached XP level 1. HP: 19/19 MP: 0/0
    12 | D:1      | Upgraded the game from 0.24.0-123-gd5b16e6ec5 to
                  | 0.24.0-124-g2791043dd8
    66 | D:1      | Reached XP level 2. HP: 27/27 MP: 1/1
   543 | D:1      | Reached XP level 3. HP: 28/33 MP: 2/2
  1179 | D:2      | Reached XP level 4. HP: 41/41 MP: 3/3
  1208 | D:2      | Found an ornate altar of the Wu Jian Council.
  1982 | D:3      | Found a runed translucent door.
  1987 | D:3      | Noticed Asketicks's ghost (amateur KoEn)
  1987 | D:3      | Noticed an ice beast
  2104 | D:3      | Killed Asketicks's ghost
  2104 | D:3      | Reached XP level 5. HP: 41/47 MP: 4/4
  2124 | D:3      | Slain by an ice beast

Levels and vault maps discovered:
D:1:      minmay_arrival_diagonal_passages, layout_loops_cross
D:2:      layout_loops_ring, nicolae_overflow_crystal_walls, nrook_uturn
D:3:      layout_loops_ring, nicolae_overflow_hidden_temple,
          ebering_ghost_inner_flame

Skill      XL: |  1  2  3 |
---------------+----------+-----
Armour         | 4 |  4.9
Fighting       | 4 |  4.8
Shields        | 4 |  4.7
Long Blades    | 3 |  3.7
Dodging        | |  0.3

Action                   |  1- 3 |  4- 6 || total
-------------------------+-------+-------++-------
Melee: Long sword        |    93 |    56 ||   149
       Headbutt          |    12 |     8 ||    20
  Use: Scroll            |       |     1 ||     1
  Eat: Chunk             |     1 |     3 ||     4
Armor: Scale mail        |    12 |       ||    12
       Chain mail        |    34 |    12 ||    46
       Plate armour      |       |    28 ||    28
Dodge: Dodged            |    21 |     8 ||    29
Block: Shield            |    43 |    19 ||    62
       Rpst.: Long sword |     7 |     2 ||     9
